 Dungeon Crawl Stone Soup version 0.31.0-11-ge490571c62 (webtiles) character file.

Game seed: 1060982515004119189

65 qw the Shooter (level 3, 0/18 HPs)
             Began as a Spriggan Hunter on Feb 3, 2024.
             Succumbed to an adder's poison
             ... on level 3 of the Dungeon.
             The game lasted 00:00:06 (1742 turns).

qw the Shooter (Spriggan Hunter)                    Turns: 1742, Time: 00:00:06

Health: 0/18       AC:  2    Str:  7    XL:     3   Next: 92%
Magic:  4/4        EV: 19    Int: 10    God:
Gold:   20         SH:  0    Dex: 20    Spells: 2/2 levels left

rFire   . . .        a - +0 shortbow
rCold   . . .        (shield currently unavailable)
rNeg    . . .        c - +0 robe
rPois   .            (helmet restricted)
rElec   .            (no cloak)
rCorr   .            (gloves unavailable)
SInv    +            (boots unavailable)
Will    +....        (no amulet)
Stlth   ++           g - ring of willpower
HPRegen 0.23/turn    (no ring)
MPRegen 0.09/turn

%: no passive effects
@: lethally poisoned (0 -> -4), very quick
A: very small, no large weapons, unfitting armour, see invisible, speed 3
a: no special abilities


You were on level 3 of the Dungeon.
You visited 1 branch of the dungeon, and saw 3 of its levels.

You collected 72 gold pieces.
You spent 52 gold pieces at shops.


Innate Abilities, Weirdness & Mutations

You are very small and have problems with some larger weapons.
You are too small for most types of armour.
You have supernaturally acute eyesight. (SInv)
You cover ground extremely quickly. (Speed+++)


   Skills:
 - Level 1.5 Fighting
 - Level 5.0 Ranged Weapons
 + Level 4.1 Dodging
 - Level 1.5 Stealth


You had 2 spell levels left.
You didn't know any spells.
Your spell library was empty.

Inventory:

Hand Weapons
 a - a +0 shortbow (weapon)
Armour
 c - a +0 robe (worn)
Jewellery
 g - a ring of willpower (left hand)
Wands
 b - a wand of polymorph (6)
Scrolls
 e - 2 scrolls of identify
Potions
 d - a potion of curing {unknown}
 f - a potion of berserk rage {unknown}
 h - a potion of might {unknown}
 j - a potion of attraction {unknown}

Dungeon Overview and Level Annotations

Branches:
Dungeon (3/15)

Altars:
Yredelemnul

Shops:
D:3 ?


Message History

You are poisoned.
The adder poisons you!
You shoot an arrow. The arrow hits the adder.
The adder is moderately wounded.
You feel sick. The adder closely misses you.
The adder bites you but does no damage.
You shoot an arrow. The arrow hits the adder.
The adder is severely wounded.
You feel sick. The adder completely misses you.
You shoot an arrow. The arrow misses the adder.
The arrow closely misses the hobgoblin.
You feel sick. The adder completely misses you. The adder misses you.
You shoot an arrow. The arrow misses the adder.
The arrow hits the hobgoblin!
You kill the hobgoblin!
You feel sick. The adder barely misses you.
You shoot an arrow. The arrow closely misses the adder.
You feel sick.
You are no longer poisoned.
The adder bites you.
You are poisoned.
The adder poisons you! The adder completely misses you.
You shoot an arrow. The arrow barely misses the adder.
You feel sick. The adder misses you.
You shoot an arrow. The arrow misses the adder.
You feel sick. The adder closely misses you. The adder barely misses you.
You shoot an arrow. The arrow closely misses the adder.
You feel sick. The adder completely misses you.
You shoot an arrow. The arrow barely misses the adder.
You feel sick. The adder closely misses you. x2
You shoot an arrow. The arrow barely misses the adder.
You feel sick.
You are no longer poisoned.
The adder bites you.
You are lethally poisoned!
The adder poisons you!
You shoot an arrow. The arrow misses the adder.
You feel sick. The adder closely misses you. The adder misses you.
You shoot an arrow. The arrow hits the adder!
You kill the adder!
You die...

## #........# .##
#........#
..###.##...###
......##...#
....####.### .....# #.#
.<..## #.# .).##
#.#############.. ..##
#.##...[.@%$.....
..######.....###########
..(.........##
#.########### #.# #.#


There were no monsters in sight!

Vanquished Creatures
  2 adders (D:3)
  4 dart slugs
  A ribbon worm (D:2)
  3 bats
  8 endoplasms
  2 giant cockroaches
  3 hobgoblins
  3 kobolds
  3 quokkas
  4 ball pythons
  4 frilled lizards
  4 goblins
  4 rats
45 creatures vanquished.

Notes
Turn   | Place    | Note
-------+----------+-------------------------------------------
     0 | D:1      | qw the Spriggan Hunter began the quest for the Orb.
     0 | D:1      | Reached XP level 1. HP: 10/10 MP: 2/2
     0 | D:1      | 0 ||| qw: Version: 0.3-a-157-g843a77d
     0 | D:1      | 0 ||| qw: Game counter: 3686
     0 | D:1      | 0 ||| qw: Melee chars always use a shield: true
     0 | D:1      | 0 ||| qw: God list: Okawaru
     0 | D:1      | 0 ||| qw: Allow faded altars: false
     0 | D:1      | 0 ||| qw: Do Orc after clearing Dungeon:15 true
     0 | D:1      | 0 ||| qw: Do second Lair branch before Depths: true
     0 | D:1      | 0 ||| qw: Lair rune preference: random
     0 | D:1      | 0 ||| qw: Goals: Normal
     0 | D:1      | 0 ||| PLANNING D:1-11
    34 | D:1      | Reached skill level 3 in Dodging
    65 | D:1      | Reached XP level 2. HP: 14/14 MP: 3/3
   615 | D:1      | 615 ||| UPGRADING to ring of willpower.
   616 | D:1      | 616 ||| READING scroll labelled HOTAJI JEBA.
   717 | D:1      | 717 ||| READING 2 scrolls labelled TOCKUMOHOA.
   718 | D:1      | 718 ||| READING scroll labelled ATHOYH YB OTUA.
   718 | D:1      | 718 ||| IDENTIFYING pink potion
   719 | D:1      | 719 ||| READING scroll labelled SAUMISSOBO.
   820 | D:1      | 820 ||| DROPPING scroll of butterflies.
   821 | D:1      | 821 ||| DROPPING potion of brilliance.
   822 | D:1      | 822 ||| DROPPING scroll of noise.
   857 | D:2      | Found a basalt altar of Yredelemnul.
   953 | D:2      | Reached XP level 3. HP: 18/18 MP: 4/4
  1394 | D:2      | 1394 ||| READING scroll labelled FINKYDW SEWE.
  1394 | D:2      | 1394 ||| ENCHANTING +0 shortbow.
  1670 | D:3      | Found Wegint's Magic Scroll Shoppe.
  1674 | D:3      | Reached skill level 5 in Ranged Weapons
  1687 | D:3      | 1687 ||| SHOPLISTING scroll of enchant armour (97 gold,
                  | have 59).
  1687 | D:3      | 1687 ||| BUYING scroll of identify (26 gold).
  1687 | D:3      | Bought a scroll of identify for 26 gold pieces
  1687 | D:3      | 1687 ||| BUYING scroll of identify (26 gold).
  1687 | D:3      | Bought a scroll of identify for 26 gold pieces
  1687 | D:3      | 1687 ||| SHOPLISTING scroll of identify (26 gold, have 7).
  1739 | D:3      | HP: 4/18 [poisoned by an adder]
  1741 | D:3      | HP: 1/18 [poisoned by an adder]
  1742 | D:3      | Succumbed to an adder's poison

Levels and vault maps discovered:
D:1:      evilmike_arrival_crescent, layout_loops_cross,
          minmay_misc_feat_enclosed, kennysheep_boxes
D:2:      layout_rooms, serial_co_window_serial, co_window_corner_a,
          co_window_paths_a, co_window_of_opportunity_a, co_window_paths_a,
          co_window_corner_a, co_window_corner_b, co_window_corner_ca,
          co_window_unsneaky_path_b, co_window_paths_c, co_window_cross_4,
          co_window_corner_ca, glass_columns_c, glass_columns_a, basic_altar,
          minmay_stone_trees_small
D:3:      layout_loops_ring, mainiacjoe_overflow_concentric_impassable,
          hellmonk_ecumenical_altar_pennies_from_heaven, serial_shops, shop,
          nrook_uturn, kennysheep_crisscross, hangedman_abyss_or_decor_stabs,
          kennysheep_generic_room_15, uniq_jessica

Skill      XL: |  1  2  3 |
---------------+----------+-----
Dodging        | 3 4 |  4.1
Ranged Weapons | 5 |  5.0
Fighting       | |  1.5
Stealth        | |  1.5

Action                     || total
---------------------------++-------
   Fire: Shortbow          ||   122
    Use: Scroll            ||     5
 Armour: Robe              ||     8
  Dodge: Dodged            ||    30

Table legend:
 A = Non-vault XP
 B = Vault XP
 C = Vault XP percentage of total XP
 D = Non-vault monster count
 E = Vault monster count
 F = Vault count percentage of total count
                 A         B        C        D         E       F
            +---------+---------+-------+---------+---------+-------
      Total |     106 |       0 |   0.0 |      45 |       0 |   0.0
            +---------+---------+-------+---------+---------+-------
        D:1 |      35 |       0 |   0.0 |      18 |       0 |   0.0
        D:2 |      38 |       0 |   0.0 |      22 |       0 |   0.0
        D:3 |      33 |       0 |   0.0 |       5 |       0 |   0.0
            +---------+---------+-------+---------+---------+-------
